 Dungeon Crawl Stone Soup version 0.26.0-3-g156281e41b (webtiles) character file.

Game seed: 12520283713890494606

5224 EnegeticOcto the Cleaver (level 10, -11/92 HPs)
             Began as a Deep Dwarf Fighter on Jan 9, 2021.
             Was a Believer of Makhleb.
             Killed from afar by a ynoxinul (13 damage)
             ... with an iron shot
             ... summoned by a kobold demonologist
             ... on level 8 of the Dungeon.
             The game lasted 00:04:12 (5666 turns).

EnegeticOcto the Cleaver (Deep Dwarf Fighter)       Turns: 5666, Time: 00:04:12

Health: -11/92     AC: 15    Str: 23    XL:     10   Next: 35%
Magic:  1/1        EV:  5    Int:  9    God:    Makhleb [**....]
Gold:   536        SH: 11    Dex: 12    Spells: 9/9 levels left

rFire    . . .     SeeInvis .   a - +1 war axe
rCold    . . .     Faith    .   c - +0 kite shield
rNeg     . . .     Spirit   .   t - +0 plate armour
rPois    +         Reflect  .   (no helmet)
rElec    .         Harm     .   p - +1 cloak
rCorr    +         Rampage  .   (no gloves)
Will     +....                  (no boots)
Stlth    ..........             z - amulet of the acrobat
HPRegen  0.00/turn              u - ring of poison resistance
MPRegen  0.07/turn              A - ring of resist corrosion

@: non-regenerating
A: damage resistance, heal wounds, sense surroundings 2, no regeneration
a: Heal Wounds, Renounce Religion, Minor Destruction


You were on level 8 of the Dungeon.
You worshipped Makhleb.
Makhleb was pleased with you.
You visited 2 branches of the dungeon, and saw 9 of its levels.
You also visited: Sewer.

You collected 536 gold pieces.

Inventory:

Hand Weapons
 a - a +1 war axe (weapon)
Armour
 b - a +0 scale mail
 c - a +0 kite shield (worn)
 p - a +1 cloak (worn)
 t - a +0 plate armour (worn)
Jewellery
 e - a cursed -4 ring of evasion {unknown}
 u - a ring of poison resistance (left hand)
 z - an amulet of the acrobat (around neck)
 A - a ring of resist corrosion (right hand)
Wands
 h - a wand of disintegration (13)
 v - a wand of iceblast (5) {@v2}
Scrolls
 j - 2 scrolls of vulnerability
 m - 9 scrolls of teleportation {@r3}
 n - 3 scrolls of enchant weapon
 o - 5 scrolls of fog
 s - 4 scrolls of enchant armour
 w - a scroll of identify {@r1}
Potions
 d - 2 potions of might {@q3}
 f - 3 potions of heal wounds {@q2}
 g - a potion of haste {@q4}
 i - a potion of lignification
 k - 4 potions of curing {@q1}
 l - 3 potions of invisibility
 q - 2 potions of ambrosia
 r - 4 potions of attraction {unknown}
 x - 4 potions of mutation {unknown}
 B - a potion of flight {unknown}


   Skills:
 + Level 6.6 Fighting
 * Level 10.4 Axes
 + Level 7.9 Armour
 + Level 7.9 Shields
 * Level 6.0 Invocations


You had 9 spell levels left.
You didn't know any spells.
Your spell library was empty.

Dungeon Overview and Level Annotations

Branches:
Dungeon (8/15)             Temple (1/1) D:5            Lair (0/6) D:8
  Sewer (visited)

Altars:
Ashenzari
Cheibriados
Dithmenos
Elyvilon
Gozag
Hepliaklqana
Kikubaaqudgha
Makhleb
Nemelex Xobeh
Okawaru
Qazlal
Ru
Sif Muna
Uskayaw
Vehumet
Yredelemnul
Zin
The Shining One

Shops:
D:4 [!?

Annotations:
D:4 2 runed translucent doors, exclusion: statue, kthxbai's ghost, amateur DEIE
D:5 2 transporters


Innate Abilities, Weirdness & Mutations

You are resistant to damage.
You can heal yourself by infusing magical energy.
You passively map the area around you.
You do not regenerate.


Message History

You are too injured to fight recklessly!
You are too injured to fight recklessly!
You are too injured to fight recklessly!
You are too injured to fight recklessly!
You are too injured to fight recklessly!
You are too injured to fight recklessly!
You are too injured to fight recklessly!
You are too injured to fight recklessly!
You are too injured to fight recklessly!
You are too injured to fight recklessly!
You barely miss the kobold demonologist.
The kobold demonologist is lightly wounded.
You closely miss the shadow imp. You hit the hellwing. The hellwing hits you!
The hellwing barely misses you.
The kobold demonologist miscasts a cantrip.
You block the shadow imp's attack.
You miss the kobold demonologist.
The kobold demonologist is lightly wounded.
You slash the shadow imp!
You kill the shadow imp!
Your plate armour prevents you from hitting the hellwing.
You block the hellwing's attack.
The hellwing hits you but does no damage.
The kobold demonologist hits you but does no damage.
You closely miss the kobold demonologist.
The kobold demonologist is lightly wounded.
You hit the hellwing but do no damage.
The hellwing hits you but does no damage. x2
The kobold demonologist hits you but does no damage.
You closely miss the kobold demonologist.
The kobold demonologist is lightly wounded.
You hit the hellwing.
The kobold demonologist casts a cantrip, but nothing happens.
The hellwing completely misses you. You block the hellwing's attack.
You hit the kobold demonologist.
The kobold demonologist is moderately wounded.
You hit the hellwing. The hellwing barely misses you. The hellwing hits you!
* * * LOW HITPOINT WARNING * * *
The kobold demonologist hits you but does no damage.
You hit the kobold demonologist but do no damage.
The kobold demonologist is moderately wounded.
You hit the hellwing but do no damage. The hellwing barely misses you.
You block the hellwing's attack.
The kobold demonologist hits you but does no damage.
You fail to use your ability.
The hellwing hits you.
* * * LOW HITPOINT WARNING * * *
The hellwing barely misses you.
The kobold demonologist hits you but does no damage.
You closely miss the kobold demonologist.
The kobold demonologist is moderately wounded.
You barely miss the hellwing. The hellwing hits you.
* * * LOW HITPOINT WARNING * * *
The hellwing hits you but does no damage.
The kobold demonologist looks satisfied for a moment.
You feel much better. You block the hellwing's attack. x2
The kobold demonologist gestures wildly while chanting.
You hit the kobold demonologist.
The kobold demonologist is moderately wounded.
You hit the ynoxinul. You hit the hellwing but do no damage.
The hellwing hits you!
* * * LOW HITPOINT WARNING * * *
You block the hellwing's attack.
You block the kobold demonologist's attack.
The ynoxinul hits you but does no damage.
You miss the kobold demonologist.
The kobold demonologist is moderately wounded.
You slash the ynoxinul! You hit the hellwing but do no damage.
You block the hellwing's attack.
The hellwing hits you but does no damage.
The kobold demonologist hits you but does no damage.
The ynoxinul closely misses you.
You hit the kobold demonologist.
The kobold demonologist is heavily wounded.
You slash the ynoxinul! You closely miss the hellwing.
The hellwing hits you but does no damage.
You block the hellwing's attack.
The kobold demonologist barely misses you.
The ynoxinul gestures at you. The iron shot hits you!!
* * * LOW HITPOINT WARNING * * *
You miss the kobold demonologist.
The kobold demonologist is heavily wounded.
You closely miss the ynoxinul. You slash the hellwing!
The hellwing hits you but does no damage. x2
The kobold demonologist casts a spell.
The ynoxinul gestures.
Your shield and plate armour prevent you from hitting the kobold demonologist.
The kobold demonologist is heavily wounded.
You slash the ynoxinul! You hit the hellwing but do no damage.
The hellwing hits you but does no damage. x2
The kobold demonologist hits you but does no damage.
The ynoxinul barely misses you.
You slash the kobold demonologist!
The kobold demonologist is severely wounded.
You hit the hellwing but do no damage. You hit the ynoxinul but do no damage.
The hellwing hits you but does no damage.
You block the hellwing's attack.
The kobold demonologist gestures wildly while chanting.
The ynoxinul gestures at you. The iron shot hits you!
You die...

### #.# ### ###
#.# #.## #.# #[##
#..## #.## ##.##
....### ###..###
#..###
......#####..5534#
##...#
.......<......##@#
#....
...#############K#
##... ..## * #K#
#).. ..# ,KK# ##..
..# *,KK# #.†. .##


KKK# ##... ## ..K# ###...# # #...##########...### #################...........##
You could see a hellwing (summoned), a kobold demonologist, a ynoxinul
(summoned), 6 big kobolds, 2 ufetubi and 3 kobolds.

Vanquished Creatures
  An elephant (D:8)
  Prince Ribbit (D:8)
  Sigmund (D:5)
  4 yaks (D:8)
  2 basilisks (D:8)
  Eustachio (D:5)
  Grum (D:8)
  Menkaure (D:7)
  A water moccasin (D:7)
  Purgy (Sewer)
  An orc warrior (D:8)
  A sky beast (D:5)
  A phantom (D:7)
  2 black bears
  6 ogres
  3 wolves (D:8)
  2 centaurs
  A big kobold (Sewer)
  2 bullfrogs
  3 scorpions
  3 wights (D:6)
  2 bullfrog zombies
  5 howler monkeys
  Crazy Yiuf (D:6)
  3 hounds
  2 orc priests
  3 bullfrog skeletons
  An iguana (D:8)
  A jelly (D:6)
  Ijyb (D:5)
  Natasha (twice) (D:3)
  5 orc wizards
  6 worker ants
  A killer bee zombie (D:8)
  2 hound skeletons
  A howler monkey zombie (D:8)
  A gnoll (D:4)
  11 adders
  2 white imps
  An ufetubus (D:5)
  4 oozes
  3 adder skeletons (D:4)
  3 worms
  A leopard gecko (D:3)
  22 orcs
  10 giant cockroaches
  5 goblins
  5 hobgoblins
  21 jackals
  2 quokkas
  3 ball pythons
  3 bats
  3 frilled lizards
  8 kobolds
  A quokka skeleton (D:4)
  5 rats
189 creatures vanquished.

Vanquished Creatures (others)
  3 fungi
  A plant (D:8)
4 creatures vanquished.

Grand Total: 193 creatures vanquished

Notes
Turn   | Place    | Note
-------+----------+-------------------------------------------
     0 | D:1      | EnegeticOcto the Deep Dwarf Fighter began the quest for the
                  | Orb.
     0 | D:1      | Reached XP level 1. HP: 20/20 MP: 1/1
   172 | D:1      | Reached XP level 2. HP: 20/27 MP: 2/2
   786 | D:2      | Reached skill level 3 in Axes
   786 | D:2      | Reached XP level 3. HP: 31/34 MP: 3/3
  1087 | D:3      | Reached XP level 4. HP: 35/42 MP: 4/4
  1148 | D:3      | Found a stormy altar of Qazlal.
  1185 | D:3      | Noticed Natasha
  1195 | D:3      | Killed Natasha
  1232 | D:3      | Reached skill level 4 in Axes
  1296 | D:3      | Reached XP level 5. HP: 48/49 MP: 4/4
  1299 | D:3      | Noticed Natasha
  1309 | D:3      | Killed Natasha
  1567 | D:4      | Noticed a black bear
  1583 | D:4      | Killed a black bear
  1584 | D:4      | Reached XP level 6. HP: 33/56 MP: 4/4
  1589 | D:4      | Found Housou's Magic Scroll Boutique.
  1619 | D:4      | Reached skill level 5 in Axes
  1701 | D:4      | Found Evviewk's Distillery.
  1763 | D:4      | Found a radiant altar of Vehumet.
  1764 | D:4      | Found Miofeyh's Antique Armour Shoppe.
  1907 | D:4      | Found a runed translucent door.
  1953 | D:4      | Found a runed translucent door.
  1953 | D:4      | Noticed kthxbai's ghost (amateur DEIE)
  2040 | D:4      | Found a broken altar of Ashenzari.
  2286 | D:4      | Reached XP level 7. HP: 33/64 MP: 4/4
  2461 | D:5      | Entered Level 5 of the Dungeon
  2461 | D:5      | Noticed Ijyb
  2472 | D:5      | Killed Ijyb
  2495 | D:5      | Found a glowing drain.
  2530 | D:5      | Reached skill level 5 in Shields
  2534 | D:5      | Reached skill level 6 in Axes
  2534 | D:5      | Reached skill level 5 in Armour
  2564 | Sewer    | Entered a sewer
  2680 | Sewer    | Noticed Purgy
  2723 | Sewer    | Killed Purgy
  2789 | D:5      | Noticed Eustachio
  2801 | D:5      | Killed Eustachio
  2802 | D:5      | Reached XP level 8. HP: 36/73 MP: 4/4
  2906 | D:5      | Reached skill level 7 in Axes
  2949 | D:5      | Found a staircase to the Ecumenical Temple.
  2968 | D:5      | Noticed Sigmund
  2977 | D:5      | Killed Sigmund
  2978 | D:5      | Reached skill level 5 in Fighting
  2998 | Temple   | Entered the Ecumenical Temple
  3118 | Temple   | Became a worshipper of Makhleb the Destroyer
  3167 | D:5      | Found a transporter.
  3217 | D:5      | Found a transporter.
  3408 | D:6      | Reached skill level 1 in Invocations
  3596 | D:6      | Reached skill level 8 in Axes
  3837 | D:6      | Gained mutation: You passively map the area around you.
                  | [Deep Dwarf growth]
  3837 | D:6      | Reached XP level 9. HP: 62/81 MP: 4/6
  4115 | D:6      | Found a runed translucent door.
  4116 | D:6      | Noticed Crazy Yiuf
  4129 | D:6      | Killed Crazy Yiuf
  4365 | D:7      | Noticed Menkaure
  4371 | D:7      | Killed Menkaure
  4851 | D:7      | Reached skill level 9 in Axes
  4884 | D:7      | Reached * piety under Makhleb
  5028 | D:8      | Noticed Prince Ribbit
  5059 | D:8      | Killed Prince Ribbit
  5140 | D:8      | Noticed Grum
  5151 | D:8      | Reached skill level 5 in Invocations
  5167 | D:8      | Killed Grum
  5168 | D:8      | Reached XP level 10. HP: 59/91 MP: 2/2
  5297 | D:8      | Reached skill level 10 in Axes
  5310 | D:8      | Found a staircase to the Lair.
  5311 | D:8      | Noticed an elephant
  5347 | D:8      | Killed an elephant
  5353 | D:8      | Reached ** piety under Makhleb
  5663 | D:8      | HP: 2/92 [ynoxinul/iron shot[a kobold demonologist] (24)]
  5666 | D:8      | Killed from afar by a ynoxinul

Illustrated notes

Levels and vault maps discovered:
D:1:      giann_forest_graveyard, layout_basic
D:2:      layout_loops_ring, tgw_trog, chequers_temple_overflow_minitemple,
          serial_co_window_serial, co_window_corner_a, co_window_paths_a,
          co_window_paths_b, co_window_cross_1, co_window_paths_a,
          co_window_corner_a, co_window_cross_1, co_window_corner_a,
          co_window_of_opportunity_a, co_window_2corner,
          co_window_of_opportunity_b, co_window_corner_ca, co_window_cross_2,
          co_window_of_opportunity_c, glass_columns_a, glass_columns_b
D:3:      layout_rooms, grunt_qazlal_clouds, uniq_natasha
D:4:      layout_basic, kennysheep_little_box, vehumet_statue,
          ebering_ghost_sewer_f, serial_shops, nicolae_shop_behind_doors, shop,
          nicolae_shop_trees, minmay_manual_mullet
D:5:      gammafunk_wand_slinger, layout_rooms, temple_statues,
          gup_sewer_entry_glass, uniq_ijyb, uniq_eustachio, uniq_sigmund
D:6:      layout_cave_pods, uniq_crazy_yiuf_cottage
D:7:      minmay_general_purpose_star, layout_loops_corners, uniq_menkaure
D:8:      layout_layer_cave, david_lair_generic, special_room
          [special_room_kobold], uniq_prince_ribbit1, uniq_grum
Temple:   regret_index_temple_waves

Skill      XL: |  1  2  3  4  5  6  7  8  9 10 |
---------------+-------------------------------+-----
Fighting       | 3 4 5 6 |  6.6
Axes           | 3 4 5 6 8 9 10 | 10.4
Armour         | 4 5 6 7 |  7.9
Shields        | 4 5 6 7 |  7.9
Invocations    | 2 5 6 |  6.0

Action                   |  1- 3 |  4- 6 |  7- 9 | 10-12 || total
-------------------------+-------+-------+-------+-------++-------
Melee: War axe           |   110 |   148 |   359 |   106 ||   723
 Abil: Heal Wounds       |     1 |     3 |    18 |     4 ||    26
  Use: Scroll            |       |       |    18 |       ||    18
Armor: Scale mail        |    62 |    68 |   180 |     1 ||   311
       Skin              |       |     1 |       |       ||     1
       Plate armour      |       |       |       |    57 ||    57
Dodge: Dodged            |    23 |    56 |   132 |    28 ||   239
Block: Kite shield       |    48 |   101 |   246 |    66 ||   461
